Map: Oceanborn LE

Players

Spazymazy

  • Race: Zerg Zerg
  • League: Master
  • Spawn Location: 5:00

Kelazhur - Winner!

  • Race: Terran Terran
  • League: Master
  • Spawn Location: 11:00

Event: HomeStory Cup XXV

VOD

Have the link to the VOD?

Description

Time

  • Played on: June 22, 2024, 6:35 a.m.
  • Length: 12:20

All games in this series

Show
View Real Time Build Order
Export as new Build Order

Spazymazy Zerg 

Build Orders: Pool First 

Get SALT Encoding   

  12  0:00  Drone  
  13  0:11  Overlord  
  13  0:16  Drone  
  14  0:30  Drone x2  
  16  0:40  Spawning Pool  
  15  0:44  Drone  
  15  0:47  Drone  
  17  1:08  Hatchery  
  17  1:10  Drone  
  17  1:14  Extractor  
  16  1:27  Zergling x6  
  16  1:32  Queen  
  21  1:39  Overlord  
  21  1:53  Drone  
  22  2:04  Roach Warren  
  22  2:08  Drone  
  22  2:11  Queen  
  24  2:23  Queen  
  26  2:39  Drone  
  26  2:44  Roach x3  
  33  2:50  Roach  
  35  2:58  Overlord  
  35  3:01  Drone  
  35  3:10  Overlord  
  35  3:17  Drone  
  36  3:23  Overlord  
  36  3:24  Drone  
  34  3:38  Overlord  
  34  3:41  Ravager  
  35  3:49  Overlord  
  35  3:50  Drone x2  
  36  3:59  Drone, Ravager  
  36  4:00  Drone x2  
  38  4:07  Drone  
  38  4:08  Drone x2  
  38  4:09  Drone  
  42  4:13  Drone  
  42  4:15  Drone  
  41  4:22  Drone  
  40  4:24  Drone x2  
  40  4:25  Drone  
  43  4:38  Hatchery  
  43  4:41  Queen  
  43  4:45  Drone x2  
  42  4:50  Queen  
  45  4:55  Drone x2  
  45  4:56  Extractor  
  46  5:02  Extractor  
  46  5:03  Drone x3  
  46  5:05  Metabolic Boost  
  48  5:08  Zergling x2  
  48  5:13  Zergling x6  
  52  5:21  Drone  
  52  5:22  Drone x2  
  52  5:26  Zergling x8  
  59  5:36  Overlord x2  
  59  5:44  Lair  
  59  5:46  Overlord  
  59  5:50  Drone  
  59  5:51  Drone x3  
  59  5:56  Drone x2  
  64  5:59  Drone  
  64  6:01  Drone, Extractor  
  64  6:03  Drone x3  
  68  6:07  Drone  
  68  6:10  Drone, Extractor  
  69  6:13  Drone, Extractor  
  69  6:15  Queen  
  71  6:19  Drone x2  
  71  6:21  Drone, Baneling Nest  
  71  6:22  Drone  
  71  6:23  Drone  
  71  6:24  Drone  
  76  6:30  Zergling x4  
  78  6:35  Zergling x6  
  78  6:37  Overlord  
  80  6:47  Drone  
  80  6:48  Drone x2  
  80  6:49  Spire  
  80  6:50  Zergling x2  
  80  6:53  Overlord x2  
  82  6:54  Zergling x4  
  82  6:57  Zergling x6  
  82  6:59  Queen  
  89  7:05  Centrifugal Hooks, Baneling x2  
  89  7:06  Baneling x4  
  89  7:13  Zergling x8  
  89  7:14  Zergling x2  
  94  7:21  Zergling x8  
  98  7:23  Baneling x5  
  92  7:38  Zergling x18  
  92  7:42  Zergling x2  
  87  8:01  Mutalisk x7  
  87  8:02  Mutalisk x2  
  87  8:05  Overlord, Mutalisk  
  105  8:07  Baneling x6  
  107  8:13  Mutalisk  
  107  8:17  Mutalisk x2  
  113  8:23  Overlord, Evolution Chamber  
  113  8:24  Evolution Chamber  
  113  8:27  Overlord  
  111  8:30  Zerg Flyer Weapons Level 1  
  111  8:38  Overlord  
  111  8:39  Zergling x2  
  111  8:40  Zergling x10  
  117  8:42  Drone x2  
  117  8:43  Drone  
  120  8:51  Zerg Melee Weapons Level 1, Zerg Ground Armor Level 1  
  120  9:02  Hatchery  
  117  9:03  Hatchery  
  117  9:07  Mutalisk  
  117  9:08  Mutalisk x2  
  123  9:12  Baneling x6  
  123  9:14  Zergling x12  
  102  9:25  Zergling x16  
  104  9:34  Zergling x6  
  101  9:40  Mutalisk  
  101  9:41  Mutalisk x4  
  101  9:44  Zergling x4  
  106  10:04  Mutalisk x5  
  115  10:13  Hatchery, Zergling x8  
  115  10:14  Zergling x4  
  120  10:18  Baneling  
  120  10:19  Baneling x9  
  120  10:23  Baneling x4  
  120  10:24  Zergling x4  
  120  10:28  Queen  
  122  10:29  Overseer  
  122  10:34  Zergling x4  
  124  10:41  Mutalisk x2  
  126  10:46  Overseer  
  126  10:52  Mutalisk  
  128  10:59  Zergling x16  
  134  11:05  Mutalisk x2  
  135  11:12  Zergling x6  
  135  11:16  Baneling x11  
  121  11:30  Zergling x20  
  121  11:31  Queen  
  121  11:35  Pneumatized Carapace  
  121  11:39  Mutalisk x2  
  116  11:43  Zergling x4  
  115  11:49  Baneling x6  
  115  11:50  Zergling x14  
Show
View Real Time Build Order
Export as new Build Order

Kelazhur Terran - Winner!

Build Orders:  

Get SALT Encoding   

  12  0:00  SCV  
  13  0:12  SCV  
  14  0:17  Supply Depot  
  14  0:24  SCV  
  15  0:38  SCV  
  15  0:41  Barracks  
  16  0:44  Refinery  
  16  0:50  SCV  
  17  0:58  Barracks  
  17  1:03  SCV  
  18  1:15  SCV  
  19  1:28  Orbital Command, Reaper  
  19  1:31  Supply Depot  
  20  1:45  Reaper  
  21  1:54  SCV  
  22  2:05  Reaper  
  22  2:06  SCV  
  24  2:09  Command Center  
  24  2:18  SCV  
  24  2:22  Refinery  
  25  2:27  Supply Depot  
  25  2:30  SCV  
  25  2:36  Marine  
  25  2:37  Marine  
  27  2:42  Factory  
  28  2:44  SCV  
  29  2:56  Barracks Tech Lab, SCV  
  30  3:08  SCV  
  30  3:10  Marine  
  30  3:17  Marine  
  31  3:20  SCV  
  32  3:29  Marine  
  32  3:31  Cyclone, Bunker  
  35  3:35  Orbital Command, Marine  
  35  3:37  SCV  
  36  3:45  Starport  
  36  3:47  Marine  
  36  3:50  SCV  
  36  3:52  Marine  
  37  4:02  SCV  
  37  4:03  SCV  
  37  4:04  Marine  
  37  4:06  Cyclone  
  41  4:15  SCV  
  40  4:17  SCV  
  40  4:27  SCV  
  40  4:28  Starport Tech Lab  
  40  4:29  SCV  
  40  4:30  Medivac  
  43  4:32  Marine x2  
  45  4:40  SCV  
  45  4:42  SCV  
  45  4:45  Factory Tech Lab  
  47  4:49  Command Center  
  47  4:50  Supply Depot  
  47  4:52  Barracks Tech Lab, SCV, Barracks Reactor  
  48  4:54  SCV  
  49  5:04  SCV  
  49  5:06  SCV  
  51  5:07  Siege Tank  
  51  5:10  Stimpack  
  51  5:11  Marine  
  55  5:14  Supply Depot  
  55  5:16  SCV  
  55  5:20  SCV  
  57  5:30  Starport Tech Lab  
  57  5:31  SCV  
  57  5:32  SCV  
  59  5:40  Engineering Bay  
  59  5:41  Engineering Bay  
  59  5:43  SCV, Engineering Bay  
  59  5:48  SCV  
  59  5:49  Barracks x3  
  60  5:57  SCV, Marine  
  60  6:00  Refinery  
  60  6:01  Orbital Command  
  60  6:02  SCV, Refinery  
  61  6:06  Marine x2  
  61  6:09  SCV  
  64  6:13  Terran Infantry Weapons Level 1, Terran Infantry Armor Level 1  
  64  6:15  SCV, Marine  
  64  6:16  Starport Reactor  
  66  6:19  Siege Tank  
  66  6:21  SCV  
  70  6:26  Orbital Command  
  70  6:28  Armory  
  70  6:30  SCV  
  70  6:31  Supply Depot, Marine x2  
  73  6:33  SCV  
  73  6:37  Marine, Barracks Reactor x2  
  75  6:41  Barracks Reactor  
  75  6:43  SCV  
  75  6:45  SCV  
  75  6:46  Supply Depot  
  77  6:48  Supply Depot  
  77  6:49  Marine  
  77  6:52  Siege Tank  
  81  6:55  SCV  
  81  6:57  SCV  
  81  6:59  Marine  
  85  7:01  SCV  
  85  7:04  Medivac  
  85  7:06  Marine  
  85  7:07  SCV  
  89  7:09  SCV  
  89  7:11  Supply Depot, Bunker  
  89  7:12  Supply Depot x2  
  89  7:13  Combat Shield, SCV, Marine x4  
  89  7:15  Marine  
  96  7:19  SCV  
  96  7:21  Supply Depot  
  96  7:22  SCV  
  98  7:25  SCV, Medivac  
  101  7:31  Marine x6  
  101  7:32  Marine  
  89  7:44  Medivac  
  89  7:45  Marine  
  92  7:52  Command Center  
  92  7:55  Medivac  
  92  7:58  Marine x8  
  102  8:01  Siege Tank  
  102  8:03  Marine  
  106  8:07  Factory  
  106  8:14  Medivac  
  106  8:15  Marine  
  106  8:16  Marine x4  
  113  8:20  Marine  
  113  8:22  SCV x3, Refinery, Terran Infantry Armor Level 2  
  117  8:27  Missile Turret  
  117  8:29  Missile Turret  
  117  8:31  Marine x3, Missile Turret  
  117  8:33  Marine x2  
  122  8:35  Terran Infantry Weapons Level 2  
  122  8:38  Marine x3  
  125  8:43  Supply Depot  
  125  8:47  Widow Mine, Drilling Claws  
  127  8:50  Supply Depot, SCV x2  
  127  8:51  SCV  
  127  8:54  Supply Depot  
  127  8:55  Marine  
  131  8:59  Marine  
  131  9:00  Marine  
  131  9:06  Widow Mine  
  131  9:09  Marine, Widow Mine  
  135  9:10  Marine x3  
  135  9:11  Marine  
  140  9:21  Marine x4  
  127  9:25  Medivac  
  127  9:27  Marine x4  
  127  9:29  Marine  
  134  9:36  Factory Reactor  
  128  9:38  Widow Mine  
  128  9:39  Marine x4  
  128  9:45  Marine x3  
  126  9:46  Marine  
  126  9:47  Marine  
  131  9:57  Marine x4  
  131  9:59  Widow Mine  
  132  10:02  Medivac x2  
  132  10:03  Marine x2  
  132  10:05  Marine  
  132  10:06  Planetary Fortress  
  139  10:08  SCV x2  
  139  10:09  SCV  
  139  10:14  Widow Mine x2  
  142  10:19  Missile Turret  
  142  10:20  Missile Turret  
  137  10:22  SCV x2  
  137  10:23  SCV  
  137  10:26  Widow Mine  
  142  10:31  Marine, Marauder  
  142  10:32  Marine x7  
  142  10:34  SCV  
  153  10:41  Barracks  
  153  10:42  Barracks x2  
  153  10:47  Medivac  
  153  10:48  Command Center, Medivac  
  153  10:49  Marine  
  158  10:52  Widow Mine  
  158  10:53  Marauder  
  158  10:55  Supply Depot  
  158  10:56  Marine  
  163  11:01  Widow Mine x2  
  166  11:07  Marine x6  
  171  11:18  Medivac x2  
  158  11:26  Marine x9  
  158  11:27  Widow Mine  
  158  11:28  Widow Mine  
  158  11:31  Barracks Tech Lab, Widow Mine  
  158  11:32  Barracks Tech Lab, Marauder  
  155  11:44  Marine x6  
  155  11:45  Marine  
  155  11:46  Marine x2  
  154  11:48  SCV x3  
  154  11:52  Marine  
  154  11:53  Marine, Marauder  
  163  11:59  Widow Mine x2  
  161  12:01  Marine  
  161  12:02  Marine x5  
Tags
 
Add a new tag
Caveats
  • Supply blocks, unpowered buildings, or Contaminate may cause inaccurate times.
  • Supply counts are checked every 10 seconds.